 Dungeon Sprint DCSS version 0.30.1-4-g462c640d31 (webtiles) character file.

Game seed: 17847229099621341823

26837 Heoruswealwe the Axe Maniac (level 13, -3/131 HPs)
             Began as a Hill Orc Fighter on Aug 23, 2023.
             Was the Champion of the Shining One.
             Shot with an arrow by a deep elf master archer (25 damage)
             ... in the Dungeon (Sprint I: "Red Sonja").
             The game lasted 01:09:38 (4967 turns).

Heoruswealwe the Axe Maniac (Hill Orc Fighter)      Turns: 4967, Time: 01:09:39

Health: -3/131     AC: 44    Str: 29    XL:     13   Next: 28%
Magic:  13/13      EV: 12    Int: 19    God:    the Shining One [******]
Gold:   467        SH:  0    Dex: 12    Spells: 12/12 levels left

rFire   + + .        a - +2 battleaxe (protect)
rCold   . . .        (shield currently unavailable)
rNeg    + + +        c - +3 crystal plate armour
rPois   +            (no helmet)
rElec   .            h - +0 cloak
rCorr   +            f - +1 pair of gloves {hurl}
SInv    .            e - +0 pair of boots of Fiahom {rF+ rCorr Int+3}
Will    ++++.        i - amulet of the Four Winds {rN+ Will+++ Clar} Stlth
                     k - ring "Jopiog" {rPois Will+ rCorr EV+5 Dex+3}
HPRegen 0.41/turn    j - ring of Vamol {rF+ Str+6 Int+4 Stlth-}
MPRegen 0.13/turn

%: no teleportation, clarity
@: under a protective aura, glowing, studying Dodging, unable to drink
A: clever 1, frail 1, passive freeze, inability to drink after injury 1
a: Renounce Religion, Divine Shield, Cleansing Flame, Summon Divine Warrior,
Brand Weapon With Holy Wrath


You were in the Dungeon.
You worshipped the Shining One.
The Shining One was exalted by your worship.
You visited 1 branch You collected 6738 gold pieces.
You spent 6271 gold pieces at shops.

Inventory:

Hand Weapons
 a - a +2 battleaxe of protection (weapon)
 b - a +0 longbow
Armour
 c - a +3 crystal plate armour (worn)
 d - a +0 buckler
 e - the +0 pair of boots of Fiahom (worn) {rF+ rCorr Int+3}
   (You bought it in a shop in the Dungeon)

   Int:       It affects your intelligence (+3).
   rF:        It protects you from fire.
   rCorr:     It protects you from acid and corrosion.
 f - a +1 pair of gloves of hurling (worn)
 h - a +0 cloak (worn)
Jewellery
 i - the amulet of the Four Winds (around neck) {rN+ Will+++ Clar}
   (You bought it in a shop in the Dungeon)

   [amulet of nothing]

   rN:        It protects you from negative energy.
   Clar:      It protects you from confusion, rage, mesmerisation and fear.
   Will:      It greatly increases your willpower.
 j - the ring of Vamol (right hand) {rF+ Str+6 Int+4 Stlth-}
   (You found it in the Dungeon)

   [ring of strength]

   Str:       It affects your strength (+6).
   Int:       It affects your intelligence (+4).
   rF:        It protects you from fire.
   Stlth:     It makes you less stealthy.
 k - the ring "Jopiog" (left hand) {rPois Will+ rCorr EV+5 Dex+3}
   (You bought it in a shop in the Dungeon)

   [ring of evasion]

   EV:        It affects your evasion (+5).
   Dex:       It affects your dexterity (+3).
   rPois:     It protects you from poison.
   rCorr:     It protects you from acid and corrosion.
   Will:      It increases your willpower.
Wands
 m - a wand of flame (37)
Scrolls
 l - a scroll of summoning
 t - 2 scrolls of fear
Potions
 q - 6 potions of curing
Miscellaneous
 g - a box of beasts


   Skills:
 + Level 22.5 Fighting
 O Level 27 Axes
 + Level 20.8 Armour
 - Level 3.2 Shields


You had 12 spell levels left.
You didn't know any spells.
Your spell library contained the following spells:

 Spells                   Type           Power      Damage    Failure   Level
 Freeze                   Ice            0%         1d3       90%         1
 Animate Armour           Summ/Erth      0%         N/A       100%        4
 Leda's Liquefaction      Hex/Erth       0%         N/A       100%        4
 Ozocubu's Refrigeration  Ice            0%         4d7       100%        7


Dungeon Overview and Level Annotations

Branches:
Dungeon (1/1)

Altars:
Cheibriados
Dithmenos
Elyvilon
Fedhas
Gozag
Hepliaklqana
Kikubaaqudgha
Makhleb
Nemelex Xobeh
Okawaru
Qazlal
Ru
Sif Muna
Trog
Uskayaw
Vehumet
Wu Jian
Xom
Yredelemnul
Zin
The Shining One
Jiyva
Lugonu

Shops:
D [=([=*[[**?=**(*[*=[*!

Annotations:
D Tiamat


Innate Abilities, Weirdness & Mutations

Your mind is acute. (Int +4, Str/Dex -1)
You are frail. (-10% HP)
A frigid envelope surrounds you and freezes all who hurt you.
You occasionally lose the ability to drink potions when taking damage.


Message History

The deep elf master archer shoots an arrow.
The arrow barely misses you.
The deep elf master archer shoots an arrow.
The arrow hits you!!
The deep elf master archer unwields a +0 longbow.
The deep elf master archer hits you!
The deep elf master archer resists.
The deep elf master archer is very cold.
The deep elf master archer is moderately wounded.
You barely miss the deep elf master archer.
The deep elf master archer is moderately wounded.
The deep elf master archer wields a +0 longbow.
The deep elf master archer shoots an arrow.
The arrow hits you but does no damage.
You completely miss the deep elf master archer.
The deep elf master archer is moderately wounded.
The deep elf master archer shoots an arrow.
The arrow hits you but does no damage.
You barely miss the deep elf master archer.
The deep elf master archer is moderately wounded.
The deep elf master archer shoots an arrow.
The arrow misses you.
You slice the deep elf master archer!!
Your weapon exudes an aura of protection.
The deep elf master archer is severely wounded.
The deep elf master archer shoots an arrow.
The arrow hits you!!
* * * LOW HITPOINT WARNING * * *
You slash the deep elf master archer!
The deep elf master archer is almost dead.
The deep elf master archer shoots an arrow.
The arrow hits you!
* * * LOW HITPOINT WARNING * * *
The deep elf master archer shoots an arrow.
The arrow hits you.
* * * LOW HITPOINT WARNING * * *
You feel better.
The deep elf master archer shoots an arrow.
The arrow hits you!!
You feel threatened and lose the ability to drink potions!
You die...

###.§§#######'#.§...#####....#
#.###+#|.)##..#..§..#...#....#
..#y#.##...#..##§..§#.∩.#..○○#
..###..###.#).≈###'##...#....#
....##.#A#.#..≈..#?####'#....#
....#..###.#..≈.##§#§§..##...#
#++##.##...#..≈##§§§§.§§.##..#
..###..#+###..≈#..§§§§....#..#
#..###...#.≈..##@.§§§§§...##○#
#..#.###.#.≈..#.e.§§§§§....#○#
...°...#.###..#...§.|......#.#
....○○○#.#.+..##..........##.#
....####'#.##'##..........#..#
..###..).#.#~~~##........##°.#
###...####,#~~~~##![..[[##.°.#
....###,,,,#~~~~~########.°..#
#####,,,,####~~~~#~~~~~#..°°°#


You could see a deep elf master archer.

Vanquished Creatures
  the Lernaean hydra (D)
  A golden dragon (D)
  A shadow dragon (D)
  4 fire giants (D)
  A deep elf annihilator (D)
  A lorocyproca (D)
  A mummy priest (D)
  A hydra (D)
  2 centaur warriors (D)
  Sonja (D)
  A deep troll (D)
  A lindwurm (D)
  2 oklob plants (D)
  8 shining eyes (D)
  2 merfolk sirens (D)
  4 demonic crawlers (D)
  2 gargoyles (D)
  7 unseen horrors (D)
  2 kobold demonologists (D)
  A hellwing (D)
  5 hornets (D)
  A slime creature (D)
  Sigmund (D)
  A yak (D)
  13 hogs (D)
  2 redbacks (D)
  6 floating eyes (D)
  An ogre (D)
  7 necrophages (D)
  8 jellies (D)
  Ijyb (D)
90 creatures vanquished.

Vanquished Creatures (collateral kills)
  A floating eye (D)
1 creature vanquished.

Vanquished Creatures (others)
  2 ballistomycete spores (D)
2 creatures vanquished.

Grand Total: 93 creatures vanquished

Notes
Turn   | Place    | Note
-------+----------+-------------------------------------------
     0 | D        | Heoruswealwe the Hill Orc Fighter began the quest for the
                  | Orb.
     0 | D        | Reached XP level 1. HP: 19/19 MP: 1/1
     1 | D        | Noticed Ijyb
    11 | D        | Killed Ijyb
    12 | D        | Reached skill level 5 in Fighting
    12 | D        | Reached skill level 5 in Axes
    12 | D        | Reached XP level 2. HP: 16/29 MP: 2/2
    12 | D        | Reached XP level 3. HP: 20/36 MP: 3/3
    74 | D        | Noticed an ogre
    79 | D        | Killed an ogre
    80 | D        | Reached skill level 8 in Axes
    80 | D        | Reached XP level 4. HP: 27/45 MP: 4/4
   163 | D        | Noticed Sigmund
   170 | D        | Killed Sigmund
   171 | D        | Reached skill level 11 in Axes
   171 | D        | Reached XP level 5. HP: 43/55 MP: 5/5
   171 | D        | Reached XP level 6. HP: 49/62 MP: 6/6
   215 | D        | Found an ornate altar of the Wu Jian Council.
   215 | D        | Found a shimmering blue altar of Sif Muna.
   217 | D        | Found a radiant altar of Vehumet.
   221 | D        | Reached skill level 12 in Axes
   247 | D        | Found Qitac's Antique Armour Emporium.
   247 | D        | Found an ancient bone altar of Kikubaaqudgha.
   247 | D        | Found a hazy altar of Hepliaklqana.
   247 | D        | Found a stormy altar of Qazlal.
   247 | D        | Found a hide-covered altar of Uskayaw.
   247 | D        | Found a blossoming altar of Fedhas.
   247 | D        | Found a bloodstained altar of Trog.
   247 | D        | Found an iron altar of Okawaru.
   247 | D        | Found a basalt altar of Yredelemnul.
   247 | D        | Found a glowing golden altar of the Shining One.
   247 | D        | Found a snail-covered altar of Cheibriados.
   247 | D        | Found a sacrificial altar of Ru.
   247 | D        | Found a glowing silver altar of Zin.
   247 | D        | Found a shadowy altar of Dithmenos.
   247 | D        | Found a white marble altar of Elyvilon.
   247 | D        | Noticed a yak
   256 | D        | Killed a yak
   257 | D        | Reached skill level 13 in Axes
   257 | D        | Reached XP level 7. HP: 49/70 MP: 7/7
   257 | D        | Found an opulent altar of Gozag.
   258 | D        | Found a sparkling altar of Nemelex Xobeh.
   264 | D        | Became a worshipper of the Shining One
   267 | D        | Bought a pair of glowing gloves for 157 gold pieces
   324 | D        | Found a burning altar of Makhleb.
   324 | D        | Found a viscous altar of Jiyva.
   324 | D        | Found a shimmering altar of Xom.
   324 | D        | Found a corrupted altar of Lugonu.
   324 | D        | Noticed a slime creature
   333 | D        | Killed a slime creature
   334 | D        | Reached skill level 10 in Fighting
   334 | D        | Reached skill level 14 in Axes
   402 | D        | Noticed a kobold demonologist
   402 | D        | Reached * piety under the Shining One
   403 | D        | Noticed a kobold demonologist
   409 | D        | Killed a kobold demonologist
   409 | D        | Reached ** piety under the Shining One
   410 | D        | Reached skill level 15 in Axes
   410 | D        | Reached skill level 10 in Armour
   410 | D        | Reached XP level 8. HP: 82/82 MP: 8/8
   417 | D        | Killed a kobold demonologist
   418 | D        | Reached skill level 16 in Axes
   431 | D        | Noticed a centaur warrior
   431 | D        | Noticed a centaur warrior
   443 | D        | Killed a centaur warrior
   444 | D        | Reached skill level 18 in Axes
   444 | D        | Reached XP level 9. HP: 66/91 MP: 9/9
   447 | D        | Killed a centaur warrior
   448 | D        | Reached skill level 19 in Axes
   454 | D        | Noticed a deep troll
   454 | D        | Reached *** piety under the Shining One
   462 | D        | Killed a deep troll
   521 | D        | Found Mupsim's Armour Emporium.
   529 | D        | Bought the +2 pair of boots of the Albatross {Rampage rC-
                  | Dex+6} for 298 gold pieces
   529 | D        | Bought a +0 cloak for 49 gold pieces
   581 | D        | Noticed a hornet
   586 | D        | Killed a hornet
   587 | D        | Reached skill level 20 in Axes
   598 | D        | Noticed an oklob plant
   605 | D        | Killed an oklob plant
   606 | D        | Reached XP level 10. HP: 103/103 MP: 10/10
   714 | D        | Noticed an unseen horror
   715 | D        | Noticed an unseen horror
   728 | D        | Killed an unseen horror
   729 | D        | Killed an unseen horror
   730 | D        | Reached skill level 21 in Axes
   848 | D        | Reached **** piety under the Shining One
   992 | D        | Reached ***** piety under the Shining One
  1004 | D        | Reached ****** piety under the Shining One
  1005 | D        | Reached skill level 15 in Fighting
  1030 | D        | Got the Precepts of Chthonic Algor
  1060 | D        | Found Baurro's Armour Shoppe.
  1060 | D        | Found Mixithre's Armour Shop.
  1060 | D        | Found Jyhepp's General Store.
  1066 | D        | Found Joelik's General Store.
  1066 | D        | Found Umyrch's General Store.
  1066 | D        | Found Jyeqarup's Jewellery Emporium.
  1090 | D        | Found Aver's Antique Armour Boutique.
  1090 | D        | Found Rodongyi's Assorted Antiques.
  1090 | D        | Found Byrialeph's Antique Weapon Shop.
  1090 | D        | Found Eteacwem's General Store.
  1090 | D        | Found Miwn's General Store.
  1090 | D        | Found Coaczuz's Jewellery Shoppe.
  1090 | D        | Found Qoiq's Magic Scroll Shop.
  1093 | D        | Bought a scroll of identify for 24 gold pieces
  1098 | D        | Found Kyf Nifye's General Store.
  1100 | D        | Bought a scroll labelled SAENNIO REACI for 26 gold pieces
  1100 | D        | Bought a scroll labelled JIAXON UVISS for 26 gold pieces
  1100 | D        | Bought a scroll labelled NYTYAN ULAA for 26 gold pieces
  1100 | D        | Bought a scroll labelled SUDEUNUNTO for 26 gold pieces
  1102 | D        | Bought a scroll of identify for 28 gold pieces
  1104 | D        | Bought a scroll of identify for 24 gold pieces
  1107 | D        | Bought a scroll of identify for 22 gold pieces
  1107 | D        | Bought a scroll of magic mapping for 82 gold pieces
  1108 | D        | Bought a scroll of identify for 22 gold pieces
  1112 | D        | Bought a scroll of identify for 28 gold pieces
  1112 | D        | Bought a scroll of identify for 28 gold pieces
  1112 | D        | Bought a scroll of identify for 28 gold pieces
  1158 | D        | Noticed Sonja
  1161 | D        | Killed Sonja
  1162 | D        | Reached skill level 22 in Axes
  1266 | D        | Found Gamaibrov's Antique Armour Boutique.
  1303 | D        | Bought a scroll of summoning for 114 gold pieces
  1311 | D        | Bought a scroll of summoning for 104 gold pieces
  1312 | D        | Bought a scroll of summoning for 104 gold pieces
  1312 | D        | Bought the +0 pair of boots of Fiahom {rF+ rCorr Int+3} for
                  | 334 gold pieces
  1354 | D        | Noticed a shining eye
  1354 | D        | Noticed a shining eye
  1354 | D        | Noticed a shining eye
  1356 | D        | Paralysed by a floating eye for 2 turns
  1419 | D        | Killed a shining eye
  1420 | D        | Gained mutation: You sometimes lose your temper in combat.
                  | [a shining eye]
  1421 | D        | Gained mutation: You occasionally shout uncontrollably at
                  | your foes. [a shining eye]
  1423 | D        | Killed a shining eye
  1424 | D        | Reached XP level 11. HP: 114/114 MP: 11/11
  1424 | D        | Killed a shining eye
  1424 | D        | Noticed a shining eye
  1425 | D        | Reached skill level 23 in Axes
  1427 | D        | Killed a shining eye
  1430 | D        | Noticed a shining eye
  1430 | D        | Noticed a shining eye
  1433 | D        | Killed a shining eye
  1433 | D        | Gained mutation: You are frail. (-10% HP) [a shining eye]
  1434 | D        | Reached skill level 15 in Armour
  1434 | D        | Noticed a shining eye
  1434 | D        | Noticed a shining eye
  1435 | D        | Gained mutation: You are vulnerable to cold. (rC-) [a
                  | shining eye]
  1440 | D        | Killed a shining eye
  1442 | D        | Killed a shining eye
  1443 | D        | Reached skill level 24 in Axes
  1446 | D        | Killed a shining eye
  1451 | D        | Found Puphy's Jewellery Shop.
  1451 | D        | Found Zaboh's Jewellery Shoppe.
  1451 | D        | Found Lowkimpo's Assorted Antiques.
  1451 | D        | Found Erawam's Weapon Emporium.
  1465 | D        | Bought a scroll of identify for 38 gold pieces
  1465 | D        | Bought a scroll of identify for 38 gold pieces
  1465 | D        | Bought a lumpy purple potion for 17 gold pieces
  1465 | D        | Bought a notched brass ring for 95 gold pieces
  1465 | D        | Bought a jade ring for 95 gold pieces
  1701 | D        | Noticed a lorocyproca
  1707 | D        | Killed a lorocyproca
  1708 | D        | Reached skill level 25 in Axes
  2344 | D        | Noticed a lindwurm
  2346 | D        | Killed a lindwurm
  2396 | D        | Reached skill level 26 in Axes
  2396 | D        | Reached XP level 12. HP: 92/114 MP: 12/12
  2457 | D        | Noticed a daeva
  2556 | D        | Identified the staff of cold "Jilat" {rC+ rCorr}
  2741 | D        | Noticed a fire giant
  2748 | D        | Noticed a fire giant
  2753 | D        | Killed a fire giant
  2757 | D        | Killed a fire giant
  2758 | D        | Reached skill level 27 in Axes
  2760 | D        | Noticed a fire giant
  2774 | D        | Killed a fire giant
  2970 | D        | Noticed a fire giant
  2976 | D        | Killed a fire giant
  3157 | D        | Found the +4 dragonskin cloak
  3157 | D        | Noticed Tiamat
  3265 | D        | Noticed a 12-headed hydra
  3269 | D        | Killed a 16-headed hydra
  3269 | D        | Paralysed by a floating eye for 4 turns
  3535 | D        | Bought a runed crystal plate armour for 2407 gold pieces
  3623 | D        | Noticed a shadow dragon
  3623 | D        | Noticed a golden dragon
  3643 | D        | Killed a golden dragon
  3644 | D        | Killed a shadow dragon
  3709 | D        | Found Etaok's Distillery.
  3729 | D        | Bought a potion of mutation for 96 gold pieces
  3729 | D        | Bought a potion of resistance for 120 gold pieces
  3729 | D        | Bought a potion of mutation for 96 gold pieces
  3729 | D        | Bought a potion of curing for 36 gold pieces
  3729 | D        | Bought a potion of heal wounds for 60 gold pieces
  3729 | D        | Bought a potion of berserk rage for 60 gold pieces
  3729 | D        | Bought a potion of curing for 36 gold pieces
  3729 | D        | Bought a potion of curing for 36 gold pieces
  3729 | D        | Bought a potion of curing for 36 gold pieces
  3735 | D        | Lost mutation: You are frail. (-10% HP) [potion of
                  | mutation]
  3735 | D        | Lost mutation: You are vulnerable to cold. (rC-) [potion of
                  | mutation]
  3735 | D        | Lost mutation: You occasionally shout uncontrollably at
                  | your foes. [potion of mutation]
  3735 | D        | Gained mutation: You have a pair of small horns on your
                  | head. [potion of mutation]
  3735 | D        | Gained mutation: Your body sometimes deteriorates upon
                  | taking damage. [potion of mutation]
  3736 | D        | Lost mutation: Your body sometimes deteriorates upon taking
                  | damage. [potion of mutation]
  3736 | D        | Lost mutation: You sometimes lose your temper in combat.
                  | [potion of mutation]
  3736 | D        | Lost mutation: You have a pair of small horns on your head.
                  | [potion of mutation]
  3736 | D        | Gained mutation: You occasionally lose the ability to drink
                  | potions when taking damage. [potion of mutation]
  3736 | D        | Gained mutation: You are frail. (-10% HP) [potion of
                  | mutation]
  3736 | D        | Gained mutation: A frigid envelope surrounds you and
                  | freezes all who hurt you. [potion of mutation]
  3736 | D        | Gained mutation: Your mind is acute. (Int +4, Str/Dex -1)
                  | [potion of mutation]
  3783 | D        | Noticed a deep elf annihilator
  3803 | D        | Reached XP level 13. HP: 115/128 MP: 13/13
  3934 | D        | Bought a potion of flight for 36 gold pieces
  4143 | D        | Killed a deep elf annihilator
  4378 | D        | Noticed a mummy priest
  4385 | D        | Killed a mummy priest
  4396 | D        | Noticed the 27-headed Lernaean hydra
  4400 | D        | Killed the 26-headed Lernaean hydra
  4530 | D        | Noticed a deep elf master archer
  4670 | D        | Identified the +8 trident of the Modern Stars {flame, rCorr
                  | Stlth+}
  4671 | D        | Identified the ring of Vamol {rF+ Str+6 Int+4 Stlth-}
  4834 | D        | Bought a heavily jewelled robe for 165 gold pieces
  4834 | D        | Identified the +1 robe of Devotion {Fly Str+6 Int-4} (You
                  | bought it in a shop in the Dungeon)
  4867 | D        | Bought the amulet of the Four Winds {rN+ Will+++ Clar} for
                  | 607 gold pieces
  4867 | D        | Found the amulet of the Four Winds {rN+ Will+++ Clar}
  4867 | D        | Bought the ring "Jopiog" {rPois Will+ rCorr EV+5 Dex+3} for
                  | 647 gold pieces
  4967 | D        | Shot with an arrow by a deep elf master archer

Illustrated notes

Levels and vault maps discovered:
D:        dungeon_sprint_1 [red_sonja_temple_1, red_sonja_temple_small_1]

Skill      XL: |  1  2  3  4  5  6  7  8  9 10 11 12 13 |
---------------+----------------------------------------+-----
Fighting       | 5 6 8 9 11 12 14 15 17 21 22 | 22.5
Axes           | 5 8 11 13 15 18 20 22 26 27 | 27.0
Armour         | 4 6 7 8 10 11 13 14 16 19 20 | 20.8
Shields        | |  3.2

Action                     |  1- 3 |  4- 6 |  7- 9 | 10-12 | 13-15 || total
---------------------------+-------+-------+-------+-------+-------++-------
  Melee: War axe           |    13 |    17 |    52 |    57 |       ||   139
         Battleaxe         |       |       |       |   123 |    30 ||   153
   Fire: Longbow           |       |       |       |       |     5 ||     5
  Evoke: Wand              |     1 |       |       |     1 |       ||     2
    Use: Potion            |     1 |       |     2 |     4 |     6 ||    13
         Scroll            |       |       |       |    18 |     1 ||    19
 Armour: Scale mail        |     4 |     4 |    15 |    47 |       ||    70
         Crystal plate arm |       |       |       |    21 |    34 ||    55
  Dodge: Dodged            |     3 |     2 |     8 |    51 |    12 ||    76
  Block: Buckler           |     1 |     1 |     7 |     9 |       ||    18
